 Dungeon Crawl Stone Soup version 0.30-a0-996-ga6910c8ee8 (webtiles) character file.

Game seed: 15828747864051032193

14 KarmaticGoose the Vexing (level 2, -1/19 HPs)
             Began as a Demonspawn Enchanter on Apr 4, 2023.
             Slain by a gnoll
             ... wielding a +0 spear
              (4 damage)
             ... on level 1 of the Dungeon.
             The game lasted 00:05:22 (442 turns).

KarmaticGoose the Vexing (Demonspawn Enchanter)      Turns: 442, Time: 00:05:22

Health: -1/19      AC:  4    Str:  8    XL:     2   Next: 31%
Magic:  4/5        EV: 12    Int: 16    God:
Gold:   52         SH:  0    Dex: 13    Spells: 3/5 levels left

rFire   . . .      SeeInvis .    a - +1 dagger
rCold   . . .      Faith    .    (no shield)
rNeg    . . .      Spirit   .    b - +0 robe
rPois   .          Reflect  .    (no helmet)
rElec   .          Rampage  .    (no cloak)
rCorr   .                        (no gloves)
Will    .....                    (no boots)
Stlth   ++                       (no amulet)
HPRegen 0.23/turn                (no ring)
MPRegen 0.09/turn                (no ring)

@: no status effects
A: slimy green scales 1
a: no special abilities


You were on level 1 of the Dungeon.
You visited 1 branch of the dungeon, and saw 1 of its levels.

You collected 52 gold pieces.

Inventory:

Hand Weapons
 a - a +1 dagger (weapon)
Armour
 b - a +0 robe (worn)
Potions
 c - 2 potions of invisibility


   Skills:
 + Level 0.0 Fighting
 + Level 1.3 Short Blades
 + Level 1.8 Dodging
 * Level 2.9 Stealth
 * Level 2.1 Spellcasting
 + Level 3.2 Hexes


You had 3 spell levels left.
You knew the following spells:

 Your Spells              Type           Power      Damage    Failure   Level
a - Ensorcelled Hibernat  Hex/Ice        12%        N/A       16%         2

Your spell library contained the following spells:

 Spells                   Type           Power      Damage    Failure   Level
 Confusing Touch          Hex            12%        N/A       16%         3
 Tukima's Dance           Hex            12%        N/A       16%         3
 Necrotise                Necr           4%         1d4       21%         1
 Dazzling Flash           Conj/Hex       12%        N/A       32%         3
 Anguish                  Hex/Necr       3%         N/A       71%         4
 Yara's Violent Unravell  Hex/Tmut       3%         3d4       96%         5
 Statue Form              Tmut/Erth      0%         N/A       100%        6
 Storm Form               Tmut/Air       0%         N/A       100%        7


Dungeon Overview and Level Annotations

Branches:
Dungeon (1/15)

Altars:


Innate Abilities, Weirdness & Mutations

You are partially covered in slimy green scales. (AC +2)


Message History

The gnoll hits you from afar with a +0 spear.
You barely miss the hobgoblin.
The hobgoblin is severely wounded.
The bat barely misses you.
You hit the hobgoblin but do no damage.
The hobgoblin is severely wounded.
The bat barely misses you. The hobgoblin misses you.
The gnoll barely misses you.
You barely miss the hobgoblin.
The hobgoblin is severely wounded.
The hobgoblin hits you but does no damage.
The gnoll hits you from afar with a +0 spear.
You closely miss the hobgoblin.
The hobgoblin is severely wounded.
The bat closely misses you. The hobgoblin barely misses you.
The gnoll hits you from afar with a +0 spear.
You hit the hobgoblin.
You kill the hobgoblin!
The bat hits you but does no damage. The gnoll closely misses you.
The bat misses you. The gnoll barely misses you.
You closely miss the bat. You hit the bat.
You kill the bat!
The gnoll hits you but does no damage.
The gnoll hits you from afar with a +0 spear.
* * * LOW HITPOINT WARNING * * *
You see here a bat corpse.
This is a scroll of acquirement!
You see here KarmaticGoose's Enchiridion on the Charnel House and the Switch.
Something appears at your feet! The gnoll hits you but does no damage.
You pick up KarmaticGoose's Enchiridion on the Charnel House and the Switch and begin reading...
You add the spells Necrotise, Anguish, Yara's Violent Unravelling, Statue Form and Storm Form to your library.
The gnoll hits you from afar with a +0 spear.
* * * LOW HITPOINT WARNING * * *
As you read the scroll labelled FODUVE UDA SUSCH, it crumbles to dust.
You hear a loud clanging noise!
It was a scroll of noise.
You hear a shout!
The gnoll hits you from afar with a +0 spear.
You die...

# #. # #. . ##. #. #
##.#.####.##### .
.#.#.#....?..[.# # ..#
#.#......#.### # ..##
#...........# ###...###
#$..g†@....##
.......#.#.##...........
#.#####.# ##.......###
#.##....# #.......#
#..#.##.#. #..##..##
##.#.##.#) ##..# #.#
#.#.##.#.###..†## .#
##.#.##.#..#.....##.##
......#.##...........#


You could see a gnoll.

Vanquished Creatures
  2 endoplasms (D:1)
  A giant cockroach (D:1)
  A hobgoblin (D:1)
  A quokka (D:1)
  2 ball pythons (D:1)
  2 bats (D:1)
  A frilled lizard (D:1)
  A goblin (D:1)
  5 rats (D:1)
16 creatures vanquished.

Vanquished Creatures (others)
  2 plants (D:1)
2 creatures vanquished.

Grand Total: 18 creatures vanquished

Notes
Turn   | Place    | Note
-------+----------+-------------------------------------------
     0 | D:1      | KarmaticGoose the Demonspawn Enchanter began the quest for
                  | the Orb.
     0 | D:1      | Reached XP level 1. HP: 13/13 MP: 3/3
   141 | D:1      | Reached skill level 1 in Short Blades
   208 | D:1      | Gained mutation: You are partially covered in slimy green
                  | scales. (AC +2) [demonic ancestry]
   208 | D:1      | Reached XP level 2. HP: 18/19 MP: 5/5
   281 | D:1      | Learned a level 2 spell: Ensorcelled Hibernation
   439 | D:1      | Identified a scroll of acquirement
   439 | D:1      | Acquired KarmaticGoose's Enchiridion on the Charnel House
                  | and the Switch
   442 | D:1      | Slain by a gnoll

Illustrated notes

Levels and vault maps discovered:
D:1:      kennysheep_arrival_seaside, layout_loops_ring, lexackson_kobold_supper

Skill      XL: |  1 |
---------------+----+-----
Short Blades   | 1 |  1.3
Dodging        | |  1.8
Stealth        | |  2.9
Spellcasting   | |  2.1
Hexes          | |  3.2

Action                     || total
---------------------------++-------
  Melee: Dagger            ||    64
   Cast: Ensorcelled Hiber ||     3
    Use: Scroll            ||     2
   Stab: Sleeping          ||     5
 Armour: Robe              ||    11
  Dodge: Dodged            ||    37

Table legend: (Time is in decaauts)
 A = Elapsed time spent in this place.
 B = Non-inter-level travel time spent in this place.
 C = Inter-level travel time spent in this place.
 D = Time resting spent in this place.
 E = Time spent auto-exploring this place.
 F = Levels seen in this place.
 G = Mean time per level.
                   A        B        C        D        E       F      G
               +--------+--------+--------+--------+--------+-----+--------+
         Total |    438 |    337 |    101 |      0 |    144 |   1 |  438.0 |
       Dungeon |    438 |    337 |    101 |      0 |    144 |   1 |  438.0 |
               +--------+--------+--------+--------+--------+-----+--------+

Top non-repeatable levels by time:
     D:1: 438 daAuts
